Map: Tours du crépuscule

Players

Worming

  • Race: Zerg Zerg
  • League: Diamond

zkum

  • Race: Zerg Zerg

Gommedor

  • Race: Zerg Zerg

Fatalzi

  • Race: Zerg Zerg

VOD

Have the link to the VOD?

Description

Time

  • Played on: Nov. 17, 2015, 11:22 a.m.
  • Length: 10:38
Show
View Real Time Build Order
Export as new Build Order

Worming Zerg 

Build Orders: Pool First 

Get SALT Encoding   

  12  0:01  Drone  
  13  0:09  Drone  
  14  0:20  Drone, Extractor  
  14  0:22  Drone, Extractor  
  14  0:27  Overlord  
  16  0:39  Extractor  
  15  0:43  Spawning Pool  
  14  0:50  Drone  
  14  0:51  Drone  
  16  1:15  Drone, Overlord  
  17  1:29  Hatchery  
  16  1:39  Metabolic Boost  
  16  1:42  Zergling x2  
  16  1:45  Zergling x2  
  18  1:48  Zergling x2  
  19  1:56  Zergling x2  
  19  2:01  Baneling Nest  
  19  2:08  Zergling x2  
  20  2:15  Queen  
  20  2:20  Zergling x2  
  23  2:33  Zergling x2  
  24  2:46  Zergling x2  
  24  2:48  Drone  
  26  2:54  Baneling x2  
  26  2:57  Zergling x2  
  26  2:58  Drone  
  27  3:04  Zergling x4  
  28  3:09  Zergling x2  
  25  3:26  Zergling x8  
  28  3:27  Drone x2  
  29  3:37  Baneling x2  
  29  3:42  Zergling x2  
  29  3:43  Drone  
  29  3:47  Zergling x2, Overlord  
  32  3:57  Overlord  
  32  3:59  Drone x2  
  32  4:00  Drone  
  34  4:11  Evolution Chamber x2  
  34  4:16  Zergling x2  
  31  4:32  Drone x5  
  31  4:33  Drone x2  
  34  4:45  Zerg Melee Weapons Level 1  
  33  4:46  Zerg Ground Armor Level 1  
  33  4:54  Baneling x2, Overlord  
  33  5:01  Zergling x6  
  33  5:05  Baneling  
  33  5:06  Baneling  
  36  5:07  Queen  
  36  5:11  Drone  
  39  5:21  Drone x2  
  40  5:25  Zergling x8  
  42  5:43  Zergling x6  
  42  5:44  Baneling x2  
  42  5:45  Baneling x2  
  42  5:46  Zergling x2  
  46  6:02  Zergling x4  
  46  6:03  Zergling x6  
  51  6:15  Lair, Extractor  
  49  6:21  Hatchery  
  43  6:40  Drone x6  
  43  6:46  Drone  
  43  6:47  Drone x3  
  49  6:53  Baneling  
  49  6:54  Baneling  
  46  7:05  Extractor  
  46  7:06  Extractor  
  46  7:07  Drone x2  
  46  7:08  Roach Warren  
  44  7:13  Spine Crawler  
  41  7:17  Zergling x2  
  41  7:18  Zergling x14  
  41  7:22  Queen  
  51  7:27  Spire  
  51  7:28  Zergling x4  
  52  7:36  Drone  
  53  7:41  Drone  
  54  7:44  Zerg Melee Weapons Level 2  
  54  7:46  Drone  
  54  7:50  Drone  
  54  7:51  Drone x6  
  62  7:56  Zerg Ground Armor Level 2, Extractor  
  63  8:00  Extractor  
  63  8:02  Overseer  
  61  8:07  Drone x3  
  61  8:08  Drone  
  61  8:10  Overlord  
  63  8:12  Overlord  
  63  8:13  Overlord  
  63  8:20  Drone x2  
  65  8:44  Mutalisk  
  65  8:45  Mutalisk x3  
  65  8:48  Overlord x2  
  73  9:01  Mutalisk x3  
  79  9:03  Zergling x2, Overlord  
  79  9:04  Zergling x10  
  84  9:32  Baneling x4  
  84  9:33  Baneling  
  84  9:34  Mutalisk  
  84  9:35  Mutalisk x2  
  82  9:53  Zergling x2  
  82  9:54  Zergling x28  
  92  10:02  Zergling x2  
  92  10:03  Zergling x10  
  97  10:16  Drone x4  
Show
View Real Time Build Order
Export as new Build Order

zkum Zerg 

Build Orders: Pool First 

Get SALT Encoding   

  12  0:01  Drone  
  13  0:13  Overlord  
  13  0:18  Drone  
  14  0:31  Drone  
  14  0:32  Drone  
  16  0:42  Spawning Pool  
  16  0:48  Drone  
  16  1:02  Drone  
  17  1:16  Hatchery  
  16  1:22  Extractor  
  16  1:23  Drone  
  16  1:25  Drone  
  17  1:27  Drone  
  18  1:38  Queen  
  20  1:46  Drone x2  
  22  1:55  Overlord  
  22  2:06  Extractor  
  22  2:07  Drone  
  22  2:14  Queen  
  24  2:19  Zergling x2  
  25  2:26  Metabolic Boost  
  25  2:32  Queen  
  25  2:36  Zergling x2  
  28  2:44  Zergling x2  
  28  2:49  Zergling x2  
  30  3:05  Baneling Nest  
  29  3:12  Spine Crawler  
  27  3:29  Queen, Drone  
  30  3:34  Drone x3  
  33  3:42  Drone  
  33  3:43  Drone x2  
  36  3:50  Baneling  
  36  3:51  Baneling  
  33  4:22  Zergling x6  
  33  4:50  Lair  
  31  4:56  Drone x3  
  31  4:57  Drone x2  
  31  4:58  Drone x2, Evolution Chamber x2  
  36  5:10  Baneling x3  
  36  5:17  Drone  
  35  5:22  Overlord  
  35  5:23  Overlord x2  
  35  5:30  Drone  
  31  5:43  Drone x2  
  31  5:46  Zergling x2  
  34  5:53  Roach Warren  
  34  5:54  Zerg Missile Weapons Level 1  
  34  5:55  Zerg Ground Armor Level 1  
  33  5:58  Drone  
  33  6:00  Drone  
  33  6:01  Zergling x2  
  33  6:02  Zergling x4  
  38  6:08  Zergling x4  
  40  6:12  Zergling x2  
  40  6:13  Drone x3  
  44  6:24  Drone x2  
  36  6:41  Zergling x4  
  36  6:44  Queen  
  34  6:47  Roach x5  
  34  6:49  Glial Reconstitution  
  28  7:02  Drone  
  19  7:26  Drone  
  21  7:30  Drone  
  21  7:37  Drone  
  22  7:46  Drone  
  23  7:52  Drone  
  23  7:56  Drone  
  25  8:04  Drone  
  26  8:22  Spine Crawler  
  25  8:27  Spine Crawler  
  25  8:33  Drone  
  25  8:37  Drone  
  26  8:51  Drone x2  
  28  8:56  Drone  
  29  9:05  Drone  
  29  9:09  Drone  
  31  9:19  Drone x2  
  33  9:28  Queen  
  35  9:35  Roach  
  35  9:40  Roach  
  35  9:42  Roach  
  36  9:46  Spore Crawler  
  29  9:56  Spore Crawler  
  18  10:16  Spore Crawler  
Show
View Real Time Build Order
Export as new Build Order

Gommedor Zerg 

Build Orders:  

Get SALT Encoding   

Show
View Real Time Build Order
Export as new Build Order

Fatalzi Zerg 

Build Orders:  

Get SALT Encoding   

Tags
 
Add a new tag
Caveats
  • Supply blocks, unpowered buildings, or Contaminate may cause inaccurate times.
  • Supply counts are checked every 10 seconds.